AoeStats
← gob b

Black Forest

503811190Analyzed
4v4 RM · 1mo ago on Sep 2, 2026· 57m 52s· 8 players
Game mode
Random Map
Map size
Large (8 player)
Population
200
Speed
Normal
Resources
Standard
Victory
Conquest
Starting age
Dark Age
Ending age
Imperial Age
RankedLock teamsTeams togetherTeam positionsShared explorationLock speedFull tech treeHidden civsTurbo modeCheats
Victory
Defeat
🇨🇳 Spanish · China
1206
+13
🇮🇳 Bohemians · India
1202
+13
🇬🇧 Britons · United Kingdom
1101
+17
🇦🇺 Inca · Australia
1093
+18
🇭🇰 Khmer · Hong Kong SAR China
1196
-18
1132
-15
🇨🇳 Persians · China
1132
-15
🇨🇳 Britons · China
1074
-13
Alex Auditore Mercer
2:30 Loom
12:01 Feudal Age
10:28 Double-Bit Axe
10:29 Horse Collar
14:11 Bow Saw
16:21 Castle Age
14:40 Heavy Plow
20:29 Wheelbarrow
21:37 Gold Mining
27:29 Imperial Age
25:03 Stone Mining
25:53 Hand Cart
25:45 Padded Archer Armor
27:41 Two-Man Saw
29:11 Chemistry
28:21 Town Watch
28:53 Leather Archer Armor
30:21 Masonry
30:32 Ballistics
30:47 Conscription
37:37 Burgundian Vineyards
38:11 Caravan
39:23 Gold Shaft Mining
49:07 Hoardings
La.Reina.de.Once
5:41 Loom
5:56 Loom
11:10 Feudal Age
14:57 Castle Age
12:51 Double-Bit Axe
16:34 Bow Saw
17:01 Horse Collar
18:45 Heavy Plow
23:19 Stone Mining
26:40 Imperial Age
25:07 Gold Mining
25:53 Stone Shaft Mining
26:18 Wheelbarrow
25:28 Town Watch
26:54 Scale Barding Armor
27:04 Bloodlines
26:54 Husbandry
27:42 Hand Cart
28:22 Conscription
28:06 Double Crossbow
28:55 Gold Shaft Mining
28:42 Town Patrol
29:07 Chain Barding Armor
30:11 Crop Rotation
30:44 Chemistry
31:20 Plate Barding Armor
31:15 Elite Ballista Elephant
33:33 Hoardings
33:45 Ballistics
36:14 Siege Engineers
36:19 Masonry
37:16 Murder Holes
41:44 Architecture
42:39 Fletching
43:10 Light Cavalry
44:19 Hussar
45:11 Forging
48:45 Iron Casting
50:28 Blast Furnace
49:41 Bodkin Arrow
56:12 Caravan
Durandal
12:02 Feudal Age
13:27 Double-Bit Axe
13:25 Horse Collar
16:39 Castle Age
18:01 Bow Saw
19:22 Heavy Plow
24:02 Gold Mining
24:02 Stone Mining
26:37 Forging
26:32 Scale Barding Armor
27:13 Gold Shaft Mining
27:18 Wheelbarrow
28:18 Hand Cart
28:41 Iron Casting
28:26 Chain Barding Armor
29:18 Stone Shaft Mining
29:02 Bloodlines
28:52 Husbandry
32:08 Imperial Age
32:02 Cavalier
34:34 Blast Furnace
34:09 Plate Barding Armor
34:58 Chemistry
35:10 Two-Man Saw
34:41 Crop Rotation
34:01 Town Watch
33:48 Savar
35:04 Conscription
40:16 Caravan
55:21 Hoardings
WEN
1:35 Loom
12:04 Feudal Age
15:40 Castle Age
13:53 Double-Bit Axe
13:49 Horse Collar
16:46 Bow Saw
22:08 Fletching
23:38 Gold Mining
24:21 Bodkin Arrow
26:04 Heavy Plow
26:46 Wheelbarrow
26:17 Stone Mining
26:44 Town Watch
30:44 Imperial Age
29:33 Ballistics
29:47 Ballistics
31:15 Hand Cart
32:41 Two-Man Saw
32:19 Gold Shaft Mining
31:49 Bracer
32:53 Chemistry
33:35 Padded Archer Armor
33:45 Siege Engineers
34:05 Conscription
35:05 Warwolf
34:28 Elite Longbowman
35:58 Town Patrol
36:17 Leather Archer Armor
37:24 Yeomen
37:25 Caravan
37:37 Treadmill Crane
41:16 Coinage
43:03 Ring Archer Armor
42:33 Murder Holes
42:50 Masonry
43:38 Banking
43:24 Guilds
50:27 Scale Barding Armor
50:32 Forging
51:33 Chain Barding Armor
51:24 Forging
51:04 Cavalier
52:54 Plate Barding Armor
53:08 Husbandry
53:50 Iron Casting
gob b
3:59 Loom
12:44 Feudal Age
14:18 Double-Bit Axe
14:14 Horse Collar
16:40 Castle Age
17:45 Wheelbarrow
17:44 Bow Saw
29:32 Imperial Age
27:04 Fletching
27:26 Forging
27:16 Scale Mail Armor
28:39 Chemistry
28:00 Ballistics
27:51 Masonry
31:52 Two-Man Saw
31:35 Iron Casting
31:15 Chain Mail Armor
30:57 Bodkin Arrow
31:03 Padded Archer Armor
32:12 Hand Cart
32:44 Heavy Plow
33:58 Blast Furnace
33:30 Conscription
34:16 Houfnice
34:31 Elite Hussite Wagon
37:50 Bracer
38:20 Plate Mail Armor
40:31 Wagenburg Tactics
49:20 Siege Engineers
Ports
1:18 Loom
12:07 Feudal Age
17:32 Castle Age
15:47 Double-Bit Axe
15:54 Horse Collar
20:32 Wheelbarrow
30:50 Imperial Age
29:25 Fletching
29:35 Padded Archer Armor
28:58 Pikeman
29:41 Squires
29:54 Gold Mining
29:55 Stone Mining
30:19 Bow Saw
30:11 Heavy Plow
31:14 Forging
31:07 Scale Mail Armor
31:04 Bodkin Arrow
31:24 Leather Archer Armor
31:46 Ballistics
31:44 Masonry
31:31 Murder Holes
32:01 Conscription
31:56 Town Watch
34:49 Caravan
35:31 Bracer
36:04 Halberdier
38:03 Ring Archer Armor
39:19 Iron Casting
38:59 Chain Mail Armor
39:54 Two-Man Saw
40:09 Yeomen
40:49 Elite Longbowman
43:51 Blast Furnace
43:22 Plate Mail Armor
51:36 Hand Cart
51:21 Town Patrol
ufokinw0tm8
10:41 Feudal Age
14:23 Castle Age
12:44 Double-Bit Axe
14:06 Horse Collar
15:05 Wheelbarrow
14:16 Loom
16:31 Bow Saw
23:30 Heavy Plow
24:14 Stone Mining
27:53 Imperial Age
25:23 Gold Mining
25:45 Town Watch
27:16 Hand Cart
27:32 Forging
27:22 Scale Mail Armor
27:48 Squires
27:54 Town Patrol
29:29 Gold Shaft Mining
29:27 Crop Rotation
30:16 Iron Casting
29:56 Chain Mail Armor
29:50 Arson
30:34 Elite Kamayuk
31:35 Conscription
33:43 Blast Furnace
33:14 Plate Mail Armor
33:00 Fabric Shields
33:50 Capped Ram
36:31 Caravan
36:37 Siege Ram
MEMS
0:28 Loom
12:18 Feudal Age
17:07 Castle Age
16:05 Double-Bit Axe
16:04 Horse Collar
17:53 Wheelbarrow
22:35 Bow Saw
29:38 Fortified Wall
35:30 Imperial Age
34:48 Ballistics
35:09 Fletching
37:17 Hand Cart
36:48 Town Watch
37:48 Conscription
39:05 Chemistry
38:02 Murder Holes
38:04 Bodkin Arrow
40:15 Two-Man Saw
39:34 Town Patrol
39:38 Bracer
40:39 Bombard Tower
40:44 Supremacy
40:38 Forging
41:03 Guard Tower
42:32 Supremacy
45:57 Padded Archer Armor
47:00 Elite Skirmisher
48:48 Leather Archer Armor
49:09 Iron Casting
49:26 Pikeman
50:06 Squires
49:52 Arson
49:54 Gambesons
50:12 Scale Mail Armor
50:42 Ring Archer Armor
51:02 Caravan
51:12 Guilds
50:58 Halberdier
53:12 Blast Furnace
52:27 Chain Mail Armor
Connection lost

Rejoining the realm…

Still unreachable

The connection could not be restored.

Session expired

The server has moved on; the page needs a fresh start.